[Event "Titled Tuesday Blitz August 15 Early 2023"]
[White "Mesa Cruz, Juan Carlos"]
[Black "Feliz Dotel, Dewar Bienvenido"]
[WhiteFideId "6423400"]
[BlackFideId "6402801"]
[WhiteElo "2408"]
[BlackElo "2179"]
[Result "1-0"]
[Round "10"]
[TimeControl "180+1"]
[Date "2023.08.15"]
[WhiteClock "0:01:44"]
[BlackClock "0:00:00"]
[Board "158"]

1. d4 d5 2. c4 e6 3. Nf3 c5 4. cxd5 exd5 5. g3 Nc6 6. Bg2 Nf6 7. O-O Be7 8. dxc5 Bxc5 9. Nbd2 O-O 10. Nb3 Bb6 11. Bg5 Be6 12. Rc1 h6 13. Bf4 Ne4 14. Nfd4 Nxd4 15. Nxd4 Qf6 16. Be3 Rfd8 17. Qd3 Nc5 18. Qa3 Bg4 19. Rxc5 Bxc5 20. Qxc5 b6 21. Qb5 a6 22. Qc6 Qxc6 23. Nxc6 Bxe2 24. Re1 Rd6 25. Rxe2 Rxc6 26. Bxd5 1-0


[Site "https://www.chess.com"]

[Event "Titled Tuesday Blitz August 15 Early 2023"]
[White "Latreche, Khadidja"]
[Black "Cheer_Down"]
[WhiteFideId "7901780"]
[WhiteElo "2088"]
[BlackElo "2330"]
[Result "0-1"]
[Round "10"]
[TimeControl "180+1"]
[Date "2023.08.15"]
[WhiteClock "0:00:00"]
[BlackClock "0:00:29"]
[Board "159"]

1. e4 c5 2. Nf3 d6 3. d4 cxd4 4. Nxd4 Nf6 5. f3 e5 6. Nb3 Be7 7. c4 a5 8. a4 O-O 9. Be3 Nc6 10. Nc3 Nb4 11. Be2 Be6 12. Rc1 Rc8 13. Nb5 Bd7 14. O-O Bxb5 15. axb5 b6 16. Qd2 Nd7 17. f4 Bf6 18. f5 Nc5 19. Nxc5 dxc5 20. Rfd1 Qxd2 21. Rxd2 Rfd8 22. Rcd1 Rd4 23. Bxd4 cxd4 24. b3 Bg5 25. Rb2 Kf8 26. Kf1 Ke7 27. Bd3 Kd6 28. Ke2 Kc5 29. g3 Be3 30. Rf1 h5 31. Rf3 Rh8 32. h4 Rd8 33. Rb1 Na2 34. Ke1 Kb4 35. Rb2 Nc3 36. Re2 Bh6 37. g4 hxg4 38. Rg3 Kxb3 39. Rxg4 Nxe2 40. Kxe2 a4 41. Rg1 Kb4 42. Rb1+ Kc5 0-1


[Site "https://www.chess.com"]

[Event "Titled Tuesday Blitz August 15 Early 2023"]
[White "rikchessmx"]
[Black "White, John S."]
[BlackFideId "2502348"]
[WhiteElo "2312"]
[BlackElo "1994"]
[Result "1-0"]
[Round "10"]
[TimeControl "180+1"]
[Date "2023.08.15"]
[WhiteClock "0:01:50"]
[BlackClock "0:00:29"]
[Board "160"]

1. e3 e6 2. c4 d5 3. cxd5 exd5 4. b3 Nf6 5. Bb2 c5 6. Bd3 Nc6 7. Bc2 Be6 8. a3 Be7 9. Nf3 O-O 10. O-O h6 11. Ne5 Nxe5 12. Bxe5 Nd7 13. Bg3 Bf6 14. Ra2 Rc8 15. Nc3 a6 16. f4 Nb6 17. Qh5 c4 18. b4 Qd7 19. f5 g6 20. Qxh6 Bxf5 21. Bxf5 gxf5 22. Qxf6 Rc6 23. Qxf5 Qe7 24. Bh4 Qe8 25. Bf6 Rxf6 26. Qxf6 Qd7 27. Rf5 1-0


[Site "https://www.chess.com"]

[Event "Titled Tuesday Blitz August 15 Early 2023"]
[White "Politov, Pavel Y."]
[Black "Grigoryan, Meri"]
[WhiteFideId "24110515"]
[BlackFideId "13300571"]
[WhiteElo "2078"]
[BlackElo "2114"]
[Result "0-1"]
[Round "10"]
[TimeControl "180+1"]
[Date "2023.08.15"]
[WhiteClock "0:00:33"]
[BlackClock "0:00:21"]
[Board "161"]

1. e4 e5 2. Nf3 Nc6 3. Bc4 Bc5 4. d3 Nf6 5. Bg5 O-O 6. O-O d6 7. c3 h6 8. Bh4 Bg4 9. Nbd2 Na5 10. Bb5 a6 11. Ba4 b5 12. Bc2 Nc6 13. h3 Bh5 14. Re1 Re8 15. g4 Bg6 16. Nf1 Qd7 17. Bxf6 gxf6 18. Ng3 Kh7 19. Kh2 Rg8 20. Qe2 Rg7 21. Nf5 Bxf5 22. exf5 Rag8 23. Rg1 d5 24. Nd2 Bd6 25. Kh1 Rh8 26. Nf1 h5 27. gxh5 Rxg1+ 28. Kxg1 Qxf5 29. Ne3 Qxh3 30. d4+ e4 31. Qg4 Rg8 32. Qxg8+ Kxg8 33. Ng2 Qh2+ 34. Kf1 Qh1+ 35. Ke2 Qxa1 36. Nh4 Qxb2 0-1


[Site "https://www.chess.com"]

[Event "Titled Tuesday Blitz August 15 Early 2023"]
[White "Nihal Sarin"]
[Black "Aronian, Levon"]
[WhiteFideId "25092340"]
[BlackFideId "13300474"]
[WhiteElo "3156"]
[BlackElo "3063"]
[Result "0-1"]
[Round "11"]
[TimeControl "180+1"]
[Date "2023.08.15"]
[WhiteClock "0:00:02"]
[BlackClock "0:00:03"]
[Board "1"]

1. Nf3 d5 2. e3 Nf6 3. b3 c5 4. Bb2 e6 5. c4 Nc6 6. cxd5 exd5 7. Bb5 Bd6 8. O-O O-O 9. d4 cxd4 10. Nxd4 Nxd4 11. Bxd4 Ne4 12. Nd2 Qh4 13. g3 Qh3 14. Nxe4 dxe4 15. Be2 Rd8 16. Qc2 Bf5 17. Rfd1 h5 18. Rac1 h4 19. Bf1 Qg4 20. Bg2 Ba3 21. Rb1 Rac8 22. Qd2 Bc5 23. Rbc1 Bxd4 24. Rxc8 Rxc8 25. exd4 e3 26. fxe3 Rc2 27. Qe1 Rxg2+ 28. Kxg2 Be4+ 29. Kg1 Qf3 30. Qd2 Qh1+ 31. Kf2 Qxh2+ 32. Ke1 Qh1+ 33. Kf2 Qf3+ 34. Ke1 hxg3 35. Qe2 Qf5 36. Kd2 Bf3 37. Rf1 Qa5+ 38. b4 Qxa2+ 0-1


[Site "https://www.chess.com"]

[Event "Titled Tuesday Blitz August 15 Early 2023"]
[White "Fedoseev, Vladimir"]
[Black "Bluebaum, Matthias"]
[WhiteFideId "24130737"]
[BlackFideId "24651516"]
[WhiteElo "3120"]
[BlackElo "3027"]
[Result "1/2-1/2"]
[Round "11"]
[TimeControl "180+1"]
[Date "2023.08.15"]
[WhiteClock "0:00:11"]
[BlackClock "0:00:18"]
[Board "2"]

1. d4 d5 2. c4 e6 3. Nf3 Nf6 4. Nc3 Bb4 5. cxd5 exd5 6. Bg5 h6 7. Bh4 O-O 8. e3 Bf5 9. Bd3 Bxd3 10. Qxd3 c6 11. Ne5 Be7 12. O-O Nfd7 13. Bg3 Nxe5 14. dxe5 Nd7 15. Rad1 Qb6 16. Qc2 Nc5 17. f4 f6 18. Bf2 fxe5 19. fxe5 Qc7 20. e4 dxe4 21. Nxe4 Nxe4 22. Qxe4 Rad8 23. Be3 Rxf1+ 24. Rxf1 Qd7 25. Bxa7 Qd5 26. Qg6 Bc5+ 27. Bxc5 Qxc5+ 28. Kh1 Qxe5 29. Qf7+ Kh8 30. Qxb7 Rd2 31. Qxc6 Rf2 32. Qc1 Qxb2 33. Qe1 Rxf1+ 34. Qxf1 Qxa2 35. h3 Qe6 36. Qf3 Kh7 37. Kh2 Qe5+ 38. Qg3 Qe6 39. Qd3+ Kg8 40. Qf3 Qe5+ 41. Qg3 Qe6 42. Qf4 1/2-1/2


[Site "https://www.chess.com"]

[Event "Titled Tuesday Blitz August 15 Early 2023"]
[White "Martinez Alcantara, Jose Eduardo"]
[Black "Firouzja, Alireza"]
[WhiteFideId "3805662"]
[BlackFideId "12573981"]
[WhiteElo "3023"]
[BlackElo "3115"]
[Result "0-1"]
[Round "11"]
[TimeControl "180+1"]
[Date "2023.08.15"]
[WhiteClock "0:00:15"]
[BlackClock "0:00:09"]
[Board "3"]

1. e4 c5 2. Nf3 d6 3. c3 Nf6 4. h3 e6 5. Bd3 Nc6 6. Bc2 e5 7. O-O Be7 8. d4 O-O 9. dxc5 dxc5 10. Bg5 Be6 11. Nbd2 Nd7 12. Be3 c4 13. b4 b5 14. a4 a6 15. Qe2 Qc7 16. Rfd1 Rfd8 17. Nf1 Nf8 18. Rxd8 Rxd8 19. axb5 axb5 20. Qe1 Qb7 21. Ng3 Ng6 22. Nf5 Bf8 23. g3 f6 24. Qe2 Nh8 25. Nh2 Nf7 26. Ng4 Ra8 27. Rd1 Ra2 28. Rd2 Ra3 29. Nxf6+ gxf6 30. Qg4+ Kh8 31. Qh4 Ng5 32. Bxg5 fxg5 33. Qxg5 Qf7 34. Bd1 Qg6 35. Qh4 h6 36. Bg4 Qg5 37. Qxg5 hxg5 38. Rc2 Bf7 39. Ne3 Nd4 40. Rc1 Bg6 41. cxd4 exd4 42. Nxc4 bxc4 43. Rxc4 d3 44. Rc8 Kg7 45. e5 Bxb4 46. Rc7+ Kf8 47. Rd7 d2 48. Kh2 Ra1 49. h4 Be4 50. f3 d1=Q 51. Rxd1 Rxd1 52. fxe4 Rd2+ 53. Kh3 gxh4 54. Kxh4 Bc3 55. Kg5 Bxe5 56. Bf5 Bxg3 57. Kf6 Re2 58. Ke6 Ra2 59. Kf6 Ra5 60. Be6 Be5+ 61. Kg6 Ke7 62. Bd5 Kd6 63. Kf5 Ra1 64. Kg4 Rf1 65. Kg5 Rf6 66. Kg4 Rf4+ 67. Kg5 Ke7 68. Kg6 Rf6+ 69. Kg5 Bf4+ 70. Kg4 Kd6 71. Kf3 Ke5 72. Ke2 Kd4 73. Kf3 Be3+ 74. Kg4 Ke5 75. Kg3 Rf4 76. Kh3 Kf6 77. Kg3 Kg5 78. Bc6 Bf2+ 79. Kg2 Kh4 80. e5 Bd4 81. e6 Rf2+ 82. Kh1 Kg3 83. Bb5 Rh2# 0-1


[Site "https://www.chess.com"]

[Event "Titled Tuesday Blitz August 15 Early 2023"]
[White "Bortnyk, Olexandr"]
[Black "Matlakov, Maxim"]
[WhiteFideId "14120828"]
[BlackFideId "4168003"]
[WhiteElo "3096"]
[BlackElo "2991"]
[Result "0-1"]
[Round "11"]
[TimeControl "180+1"]
[Date "2023.08.15"]
[WhiteClock "0:00:01"]
[BlackClock "0:00:15"]
[Board "4"]

1. e4 e5 2. Nf3 Nc6 3. Bb5 a6 4. Ba4 Nf6 5. Nc3 Bb4 6. Nd5 Nxd5 7. exd5 Nd4 8. c3 Nxf3+ 9. Qxf3 Be7 10. O-O O-O 11. d4 exd4 12. cxd4 d6 13. Be3 f5 14. Rac1 Bf6 15. h3 Bd7 16. Bc2 g6 17. Rfe1 Bg7 18. a4 f4 19. Bd2 Bxd4 20. b4 Qf6 21. a5 Rf7 22. Bd3 Rc8 23. Re4 Be5 24. Re2 g5 25. Bc3 Bxc3 26. Rxc3 Rg7 27. Rc4 Rf8 28. g4 fxg3 29. Qxf6 Rxf6 30. Rxc7 gxf2+ 31. Rxf2 Rxf2 32. Kxf2 Bxh3 33. Rc3 Bd7 34. Be2 Rf7+ 35. Kg3 Kg7 36. Bh5 Re7 37. Rc7 Kf6 38. Rxb7 Bb5 39. Rb6 Ke5 40. Bf3 Rc7 41. Kg4 h6 42. Rb8 Rc4+ 43. Kh5 Rh4+ 44. Kg6 g4 45. Bd1 g3 46. Bf3 g2 47. Bxg2 Rg4+ 48. Kxh6 Rxg2 49. Kh5 Kxd5 50. Kh4 Kc4 51. Kh3 Rg6 52. Rd8 Kxb4 53. Kh4 Kxa5 54. Kh5 Re6 55. Kg5 Kb6 56. Kf5 Re5+ 57. Kf4 Kc7 58. Ra8 Re8 59. Ra7+ Kb6 60. Rh7 Kc5 61. Rh5+ d5 62. Rh7 a5 63. Rc7+ Bc6 64. Ra7 a4 65. Kf3 Ra8 0-1


[Site "https://www.chess.com"]

[Event "Titled Tuesday Blitz August 15 Early 2023"]
[White "Demidov, Mikhail"]
[Black "Duda, Jan-Krzysztof"]
[WhiteFideId "4197143"]
[BlackFideId "1170546"]
[WhiteElo "2952"]
[BlackElo "3043"]
[Result "0-1"]
[Round "11"]
[TimeControl "180+1"]
[Date "2023.08.15"]
[WhiteClock "0:00:00"]
[BlackClock "0:00:20"]
[Board "5"]

1. Nf3 Nf6 2. d4 g6 3. g3 Bg7 4. Bg2 O-O 5. O-O d6 6. a4 Nc6 7. Nc3 a5 8. Re1 Bg4 9. h3 Bd7 10. e4 e5 11. dxe5 Nxe5 12. Nxe5 dxe5 13. Be3 Qc8 14. Kh2 Rd8 15. Qe2 b6 16. Red1 Qb7 17. Nd5 Be6 18. Bg5 Bxd5 19. exd5 Rd6 20. c4 Nd7 21. Be7 Bf8 22. Bxd6 Bxd6 23. Re1 f5 24. f4 e4 25. Bxe4 fxe4 26. Qxe4 Nc5 27. Qf3 Rf8 28. b3 Qc8 29. Re3 g5 30. Rg1 Kh8 31. Re2 Qf5 32. Qc3+ Qf6 33. Qxf6+ Rxf6 34. fxg5 Rf3 35. h4 Kg7 36. h5 Rxb3 37. Kh3 Rc3 38. Kg4 Rxc4+ 39. Kf5 Rd4 40. h6+ Kf7 41. Rf1 Nd7 42. g6+ hxg6+ 43. Kg5+ Kg8 44. Re8+ Nf8 45. Rf3 Rxd5+ 46. Kf6 Rh5 47. Rxf8+ Bxf8 48. Kxg6 Rxh6+ 49. Kg5 Rc6 50. Rd3 Rd6 51. Re3 Bh6+ 0-1


[Site "https://www.chess.com"]

[Event "Titled Tuesday Blitz August 15 Early 2023"]
[White "Bacrot, Etienne"]
[Black "Korobov, Anton"]
[WhiteFideId "605506"]
[BlackFideId "14105730"]
[WhiteElo "2901"]
[BlackElo "3026"]
[Result "0-1"]
[Round "11"]
[TimeControl "180+1"]
[Date "2023.08.15"]
[WhiteClock "0:00:00"]
[BlackClock "0:00:18"]
[Board "6"]

1. e4 c5 2. Nf3 d6 3. Bb5+ Nd7 4. d4 cxd4 5. Qxd4 a6 6. Be2 Ngf6 7. Nc3 e6 8. O-O Qc7 9. a4 b6 10. Rd1 Bb7 11. Be3 Be7 12. Nd2 Nc5 13. b4 Ncd7 14. Nc4 Rc8 15. Ra3 e5 16. Nxd6+ Bxd6 17. Qxd6 Qxd6 18. Rxd6 Ke7 19. Rd2 Nxe4 20. Nxe4 Bxe4 21. f3 Bb7 22. Rad3 Rhd8 23. Rd6 Rc6 24. Rxc6 Bxc6 25. Bxa6 Bxa4 26. c4 Bc6 27. Kf2 h6 28. g4 g5 29. h3 Rf8 30. b5 Ba8 31. Rxd7+ Kxd7 32. Bxb6 f5 33. Ke2 fxg4 34. fxg4 Rf3 35. c5 Rxh3 36. c6+ Bxc6 37. bxc6+ Kxc6 38. Bf2 e4 39. Bc8 Kd5 40. Bb7+ Ke5 41. Be3 Rh2+ 42. Ke1 h5 43. gxh5 Rxh5 44. Bc8 Rh2 45. Bg4 Rg2 46. Be2 Rh2 47. Bxg5 Kd4 48. Bf6+ Ke3 49. Bf1 Rh1 50. Bg5+ Kf3 51. Bc1 e3 0-1


[Site "https://www.chess.com"]

[Event "Titled Tuesday Blitz August 15 Early 2023"]
[White "Kukhmazov, Arsen"]
[Black "Sadhwani, Raunak"]
[WhiteFideId "24108260"]
[BlackFideId "35093487"]
[WhiteElo "2876"]
[BlackElo "3007"]
[Result "0-1"]
[Round "11"]
[TimeControl "180+1"]
[Date "2023.08.15"]
[WhiteClock "0:00:00"]
[BlackClock "0:00:06"]
[Board "7"]

1. d4 g6 2. c4 Bg7 3. Nf3 Nf6 4. g3 O-O 5. Bg2 d6 6. Nc3 c6 7. O-O Bf5 8. Ng5 h6 9. e4 Bg4 10. Nf3 Nbd7 11. Be3 e5 12. h3 Bxf3 13. Bxf3 exd4 14. Bxd4 Qe7 15. Bg2 a6 16. a4 a5 17. Qc2 Nc5 18. Rfe1 Ne6 19. Be3 Nd7 20. Rad1 Rfd8 21. f4 h5 22. h4 Nf6 23. f5 Nf8 24. Bf4 Ng4 25. Bf3 Ne5 26. Be2 Nfd7 27. Kg2 Nc5 28. Rd2 Rd7 29. Bd1 Nxc4 30. Rf2 Ne5 31. Bg5 f6 32. Bc1 Ncd3 33. Ref1 Nxf2 34. Rxf2 Qe8 35. fxg6 Qxg6 36. Rf5 Ng4 37. Qb3+ Qf7 38. Rxh5 Ne5 39. Qb6 d5 40. Rf5 Nc4 41. Qf2 d4 42. Nb1 Ne3+ 43. Bxe3 dxe3 44. Qe1 Rad8 45. Nc3 Rd2+ 46. Kh3 Qc4 47. Bf3 Qd3 48. Rf4 Rf2 49. Qg1 Qf1+ 50. Qxf1 Rxf1 51. Kg2 Rf2+ 52. Kh3 Rxb2 53. Be2 Rc2 54. Bc4+ Kf8 0-1


[Site "https://www.chess.com"]

[Event "Titled Tuesday Blitz August 15 Early 2023"]
[White "Makarian, Rudik"]
[Black "Nakamura, Hikaru"]
[WhiteFideId "44105681"]
[BlackFideId "2016192"]
[WhiteElo "2978"]
[BlackElo "3234"]
[Result "0-1"]
[Round "11"]
[TimeControl "180+1"]
[Date "2023.08.15"]
[WhiteClock "0:00:05"]
[BlackClock "0:00:09"]
[Board "8"]

1. d4 g6 2. c4 Bg7 3. Nf3 d6 4. Nc3 Nd7 5. e4 Ngf6 6. Be2 O-O 7. O-O e5 8. Be3 c6 9. d5 c5 10. Ne1 Ne8 11. g3 f5 12. exf5 gxf5 13. Ng2 a6 14. Kh1 Nc7 15. Qd2 Rb8 16. a4 Nf6 17. Bg5 Qe8 18. f4 e4 19. Ne3 h6 20. Bh4 Bd7 21. Rg1 Kh8 22. Rg2 Qf7 23. Rag1 Rbe8 24. g4 fxg4 25. Nxg4 Bxg4 26. Bxg4 Nxg4 27. Rxg4 Bd4 28. f5 e3 29. Qg2 Rg8 30. Ne2 Rxg4 31. Qxg4 Rg8 32. Qxg8+ Qxg8 33. Rxg8+ Kxg8 34. b3 Ne8 35. Bg3 Be5 36. Bxe5 dxe5 37. Kg2 Nd6 38. Ng3 e4 39. Kf1 Kf7 40. Ke2 b5 41. cxb5 axb5 42. a5 c4 43. bxc4 b4 44. Kxe3 Nxc4+ 45. Kd4 b3 46. Nxe4 b2 47. Nc3 Nxa5 48. Ke5 Nc4+ 49. Kd4 Na3 50. Ke5 b1=Q 51. Nxb1 Nxb1 52. d6 Nd2 53. Kd5 Nf3 54. h3 Ng5 55. Kc6 Kf6 56. Kc7 Nf7 57. d7 Ke7 58. Kc6 Ne5+ 59. Kd5 Nxd7 60. Ke4 Kf6 61. Kf4 h5 62. Ke4 Nc5+ 63. Kf4 Nb3 64. Ke4 Na5 65. Kf4 Nb7 66. Kg3 Kxf5 67. Kh4 Kg6 68. Kg3 Nd6 69. Kh4 Nf5# 0-1


[Site "https://www.chess.com"]

[Event "Titled Tuesday Blitz August 15 Early 2023"]
[White "Sarana, Alexey"]
[Black "Hakobyan, Aram"]
[WhiteFideId "24133795"]
[BlackFideId "13306677"]
[WhiteElo "3077"]
[BlackElo "2959"]
[Result "1-0"]
[Round "11"]
[TimeControl "180+1"]
[Date "2023.08.15"]
[WhiteClock "0:00:04"]
[BlackClock "0:00:06"]
[Board "9"]

1. d4 Nf6 2. c4 a6 3. Nc3 b5 4. cxb5 axb5 5. Nxb5 e5 6. e3 e4 7. Ne2 c6 8. Nbc3 d5 9. Ng3 h5 10. h3 Bd6 11. Be2 h4 12. Nf1 O-O 13. Nd2 Re8 14. O-O Nbd7 15. f4 Nf8 16. Qe1 Ng6 17. Nb3 Ba6 18. Bd2 Bxe2 19. Qxe2 Ne7 20. Be1 Nf5 21. Rc1 g6 22. Rc2 Nh5 23. Qd2 Nhg3 24. Bxg3 hxg3 25. a3 Qb6 26. Nc1 Reb8 27. N1e2 Qa6 28. Rd1 Rb3 29. Qc1 Rab8 30. Kh1 Kg7 31. Kg1 Bc7 32. Kh1 Ba5 33. Kg1 Qb7 34. Na4 Rxe3 35. Nc5 Qb5 36. a4 Qxe2 37. Rxe2 Rxe2 38. Kh1 Rbxb2 39. Rg1 Ne3 40. Nd7 Nxg2 41. Qc5 Nxf4 42. Qf8+ 1-0


[Site "https://www.chess.com"]

[Event "Titled Tuesday Blitz August 15 Early 2023"]
[White "Chigaev, Maksim"]
[Black "Grischuk, Alexander"]
[WhiteFideId "4108116"]
[BlackFideId "4126025"]
[WhiteElo "2952"]
[BlackElo "3039"]
[Result "0-1"]
[Round "11"]
[TimeControl "180+1"]
[Date "2023.08.15"]
[WhiteClock "0:00:04"]
[BlackClock "0:00:38"]
[Board "10"]

1. e4 e5 2. Nf3 Nc6 3. Bc4 Bc5 4. d3 Nf6 5. c3 d6 6. Bg5 h6 7. Bh4 a6 8. Nbd2 Ba7 9. a4 Ne7 10. Bxf6 gxf6 11. Nh4 c6 12. Qh5 d5 13. Bb3 Be6 14. Rf1 Qd7 15. h3 O-O-O 16. O-O-O f5 17. Ndf3 f6 18. Bc2 Kb8 19. exd5 cxd5 20. Kb1 d4 21. c4 Nc6 22. Qg6 Rdf8 23. Rg1 h5 24. Qg3 Rhg8 25. Qh2 Ka8 26. Rge1 Nb4 27. Bb3 Re8 28. Qh1 e4 29. dxe4 fxe4 30. Nd2 f5 31. g3 Nd3 32. Re2 Nc5 33. a5 0-1


[Site "https://www.chess.com"]

[Event "Titled Tuesday Blitz August 15 Early 2023"]
[White "Kovalenko, Igor"]
[Black "Shimanov, Aleksandr"]
[WhiteFideId "14117908"]
[BlackFideId "4198603"]
[WhiteElo "2941"]
[BlackElo "3025"]
[Result "1-0"]
[Round "11"]
[TimeControl "180+1"]
[Date "2023.08.15"]
[WhiteClock "0:00:16"]
[BlackClock "0:00:00"]
[Board "11"]

1. d4 Nf6 2. Nf3 d5 3. c4 e6 4. e3 c5 5. Nc3 Nc6 6. a3 Ne4 7. Bd3 Nxc3 8. bxc3 dxc4 9. Bxc4 Be7 10. O-O O-O 11. Bb2 b6 12. e4 Bb7 13. Qe2 Na5 14. Bd3 Rc8 15. Rad1 Qc7 16. h4 Rfd8 17. Rfe1 h6 18. h5 Re8 19. Ne5 Nc6 20. Ng4 Red8 21. Bb1 Na5 22. d5 e5 23. c4 Bd6 24. f4 f6 25. fxe5 fxe5 26. Ne3 Re8 27. Nf5 Rcd8 28. Rd3 Bc8 29. Rg3 Bxf5 30. exf5 Rf8 31. f6 Rxf6 32. Qe4 Qf7 33. Bd3 Kf8 34. Bxe5 Bxe5 35. Qxe5 Nb7 36. Bg6 Qd7 37. Rge3 Nd6 38. g3 Kg8 39. Qe7 Rff8 40. Qxd7 Rxd7 41. Bd3 Rdf7 42. Re6 Rf3 43. R1e3 Rxe3 44. Rxe3 Re8 45. Rf3 Re5 46. g4 Re1+ 47. Kf2 Re5 48. Kg3 Re1 49. Kf2 Re5 50. Rf4 Re7 51. Bg6 Re5 52. a4 Re7 53. Bf5 Kh8 54. Be6 g5 55. hxg6 Kg7 56. Kf3 Kxg6 57. Rf8 Nxc4 58. Kf4 Kg7 59. Rg8+ Kf6 60. Rf8+ Kg7 61. Rd8 a6 62. Bf5 b5 63. axb5 axb5 64. d6 Nxd6 65. Rxd6 Rb7 66. Rg6+ Kf7 67. Rxh6 Rb8 68. Rh7+ Kg8 69. g5 b4 70. g6 Rb6 71. Ke5 b3 72. Be6+ Rxe6+ 73. Kxe6 c4 74. Rb7 c3 75. Kf6 1-0


[Site "https://www.chess.com"]

[Event "Titled Tuesday Blitz August 15 Early 2023"]
[White "Kamsky, Gata"]
[Black "Andreikin, Dmitry"]
[WhiteFideId "2000024"]
[BlackFideId "4158814"]
[WhiteElo "2936"]
[BlackElo "3005"]
[Result "0-1"]
[Round "11"]
[TimeControl "180+1"]
[Date "2023.08.15"]
[WhiteClock "0:00:00"]
[BlackClock "0:00:53"]
[Board "12"]

1. d4 d5 2. Bf4 Nf6 3. e3 c5 4. c3 Nc6 5. Nd2 a6 6. Bd3 Bg4 7. Ngf3 e6 8. h3 Bxf3 9. Nxf3 Bd6 10. dxc5 Bxc5 11. O-O O-O 12. Qc2 Bd6 13. Bg5 h6 14. Bxf6 Qxf6 15. Rad1 Rac8 16. Qe2 Ne5 17. Nxe5 Qxe5 18. g3 Rfd8 19. Kg2 g6 20. Bb1 Bc5 21. Qf3 Kg7 22. Rfe1 h5 23. h4 b5 24. a3 Bb6 25. Re2 Rc4 26. Red2 f5 27. Bd3 Rg4 28. Rh1 Rf8 29. Kf1 Bc5 30. Rh3 Rb8 31. Qe2 Qc7 32. Qd1 a5 33. Be2 Re4 34. Bd3 Rg4 35. Be2 Re4 36. Bd3 Re5 37. Rh1 b4 38. axb4 axb4 39. Kg2 bxc3 40. bxc3 Bxe3 41. fxe3 Rxe3 42. Rh3 Qxc3 43. Bf1 Rb3 44. Qc2 Rxg3+ 0-1


[Site "https://www.chess.com"]

[Event "Titled Tuesday Blitz August 15 Early 2023"]
[White "Le, Tuan Minh"]
[Black "Timofeev, Artyom"]
[WhiteFideId "12401153"]
[BlackFideId "4140419"]
[WhiteElo "2991"]
[BlackElo "2848"]
[Result "1-0"]
[Round "11"]
[TimeControl "180+1"]
[Date "2023.08.15"]
[WhiteClock "0:00:11"]
[BlackClock "0:00:00"]
[Board "13"]

1. d4 Nf6 2. Nf3 g6 3. Bg5 Bg7 4. Nbd2 d6 5. c3 Nbd7 6. e4 e5 7. Bc4 O-O 8. O-O c6 9. a4 a5 10. Re1 Qc7 11. Bb3 h6 12. Bh4 Nb6 13. h3 Nh5 14. Nf1 Nf4 15. Bg3 Nh5 16. Bh2 Re8 17. Qc2 c5 18. dxe5 dxe5 19. Qd2 c4 20. Bc2 Be6 21. Nd4 Bd7 22. Ne3 Rad8 23. Nd5 Qc5 24. Nf3 Bc6 25. Qe3 Qxe3 26. Nxe3 Nf4 27. Red1 Nd3 28. Nxc4 Nxc4 29. Rxd3 Rxd3 30. Bxd3 Nxb2 31. Bc2 Nc4 32. Bg3 Kh7 33. Bb3 Nd6 34. Nd2 Rd8 35. f3 f5 36. exf5 Nxf5 37. Be1 Rd3 38. Ne4 Rd8 39. Bf2 Rc8 40. Be6 Re8 41. Bf7 Rc8 42. Bb6 Bf8 43. Be6 Ra8 44. Kh2 Kg7 45. Bc7 1-0


[Site "https://www.chess.com"]

[Event "Titled Tuesday Blitz August 15 Early 2023"]
[White "Zhigalko, Sergei"]
[Black "Naroditsky, Daniel"]
[WhiteFideId "13502956"]
[BlackFideId "2026961"]
[WhiteElo "2934"]
[BlackElo "3164"]
[Result "0-1"]
[Round "11"]
[TimeControl "180+1"]
[Date "2023.08.15"]
[WhiteClock "0:00:00"]
[BlackClock "0:00:52"]
[Board "14"]

1. e4 d6 2. d4 Nc6 3. d5 Nb8 4. Nc3 g6 5. h3 Bg7 6. Nf3 c6 7. Be2 Nf6 8. O-O b5 9. dxc6 b4 10. Nd5 Nxc6 11. Bg5 O-O 12. Nxf6+ exf6 13. Bf4 Ne5 14. Qd2 a5 15. Rfd1 Bb7 16. Qe3 Qe7 17. Nd4 Rac8 18. a3 Nc4 19. Bxc4 Rxc4 20. axb4 axb4 21. f3 Ra8 22. Rxa8+ Bxa8 23. Nb5 Rxc2 24. Bxd6 Qd7 25. Qb6 Rc8 26. Ra1 Bc6 27. Ra7 Qd8 28. Qxd8+ Rxd8 29. Be7 Rd1+ 30. Kh2 f5 31. Nc7 Be5+ 32. g3 Rd2+ 33. Kg1 Bd4+ 0-1


[Site "https://www.chess.com"]

[Event "Titled Tuesday Blitz August 15 Early 2023"]
[White "So, Wesley"]
[Black "Rustemov, Alexander"]
[WhiteFideId "5202213"]
[BlackFideId "4119002"]
[WhiteElo "3113"]
[BlackElo "2777"]
[Result "1-0"]
[Round "11"]
[TimeControl "180+1"]
[Date "2023.08.15"]
[WhiteClock "0:00:52"]
[BlackClock "0:00:00"]
[Board "15"]

1. b3 d5 2. Bb2 Nf6 3. Nf3 Bf5 4. Nh4 Bd7 5. g3 c5 6. Bg2 e6 7. c4 Bc6 8. cxd5 Bxd5 9. Nf3 Be7 10. d3 O-O 11. e4 Bc6 12. Ne5 Nfd7 13. Ng4 Nf6 14. Ne5 Nfd7 15. Nxc6 Nxc6 16. f4 Rc8 17. O-O Nf6 18. Nc3 Qd7 19. e5 Ne8 20. Rc1 b6 21. Ne4 Nb4 22. d4 Nxa2 23. dxc5 Qxd1 24. Rcxd1 Bxc5+ 25. Nxc5 bxc5 26. Rd7 Nc7 27. Bb7 Nd5 28. Bxc8 Rxc8 29. f5 Nab4 30. fxe6 fxe6 31. Rff7 Nd3 32. Rxg7+ Kf8 33. Rxh7 Kg8 34. Rdg7+ Kf8 35. Rxa7 Kg8 36. Rag7+ Kf8 37. Rd7 Kg8 38. Ba3 Ra8 39. Rdg7+ Kf8 40. Ra7 Rxa7 41. Rxa7 Nxe5 42. Bxc5+ Kg8 43. h4 Nd3 44. Bd4 e5 45. Bxe5 Nxe5 46. Ra5 Nf3+ 47. Kf2 1-0


[Site "https://www.chess.com"]

[Event "Titled Tuesday Blitz August 15 Early 2023"]
[White "Dubov, Daniil"]
[Black "Srihari L R"]
[WhiteFideId "24126055"]
[BlackFideId "46617116"]
[WhiteElo "3053"]
[BlackElo "2771"]
[Result "0-1"]
[Round "11"]
[TimeControl "180+1"]
[Date "2023.08.15"]
[WhiteClock "0:00:34"]
[BlackClock "0:00:13"]
[Board "16"]

1. e4 c6 2. Bc4 d5 3. Bb3 dxe4 4. Qh5 g6 5. Qh4 Nf6 6. Nc3 Bg7 7. f3 exf3 8. Nxf3 O-O 9. d4 Bg4 10. Ne2 Bxf3 11. gxf3 e6 12. Bg5 Nbd7 13. O-O-O b5 14. f4 a5 15. c3 b4 16. cxb4 axb4 17. Rhg1 Qa5 18. Ng3 c5 19. f5 exf5 20. Nxf5 c4 21. Bc2 b3 22. Bd2 bxa2 23. Bxa5 a1=Q+ 24. Bb1 Qxa5 25. Ne7+ Kh8 26. Rxg6 fxg6 27. Nxg6+ Kg8 28. Ne7+ Kf7 29. Nf5 c3 30. Rg1 cxb2+ 31. Kd1 Rg8 32. Bc2 Qa1+ 33. Ke2 Qxg1 34. Bb3+ Kf8 35. Qf4 Qg2+ 36. Kd3 b1=Q+ 37. Kc3 Qgb2+ 38. Kc4 Qxb3# 0-1


[Site "https://www.chess.com"]

[Event "Titled Tuesday Blitz August 15 Early 2023"]
[White "Lazavik, Denis"]
[Black "Badmatsyrenov, Oleg"]
[WhiteFideId "13515110"]
[BlackFideId "24115762"]
[WhiteElo "3035"]
[BlackElo "2765"]
[Result "1-0"]
[Round "11"]
[TimeControl "180+1"]
[Date "2023.08.15"]
[WhiteClock "0:00:52"]
[BlackClock "0:00:00"]
[Board "17"]

1. d4 Nf6 2. Nf3 c5 3. c3 e6 4. Bf4 Nc6 5. e3 Nh5 6. Bg5 Qb6 7. Qc2 h6 8. Bh4 g5 9. Bg3 Bg7 10. Nbd2 Nxg3 11. hxg3 d5 12. Be2 Bd7 13. a4 cxd4 14. exd4 O-O-O 15. Nb3 Kb8 16. a5 Qc7 17. Nc5 Bc8 18. b4 Qd6 19. b5 Ne7 20. b6 a6 21. O-O Ng6 22. Rfb1 g4 23. Ne1 e5 24. Bxa6 exd4 25. Ned3 dxc3 26. Bxb7 Bd4 27. Bxc8 Rxc8 28. Na6+ Kb7 29. Nc7 Qxg3 30. a6+ Kb8 31. a7+ Kb7 32. Kf1 Qh2 33. Qa4 Qh1+ 34. Ke2 Qxg2 35. Qa6+ Kc6 36. b7+ Kd7 37. bxc8=Q+ Rxc8 38. Qxc8+ Kd6 39. Qd8+ 1-0


[Site "https://www.chess.com"]

[Event "Titled Tuesday Blitz August 15 Early 2023"]
[White "Hambleton, Aman"]
[Black "Deac, Bogdan-Daniel"]
[WhiteFideId "2606577"]
[BlackFideId "1226380"]
[WhiteElo "2761"]
[BlackElo "3004"]
[Result "0-1"]
[Round "11"]
[TimeControl "180+1"]
[Date "2023.08.15"]
[WhiteClock "0:00:00"]
[BlackClock "0:01:03"]
[Board "18"]

1. d4 Nf6 2. c4 e6 3. Nc3 Bb4 4. Qc2 d5 5. cxd5 exd5 6. Bg5 c5 7. Nf3 Nc6 8. Rd1 h6 9. Bxf6 Qxf6 10. a3 Bf5 11. Qd2 Bxc3 12. Qxc3 c4 13. e3 b5 14. b3 a5 15. bxc4 bxc4 16. Be2 O-O 17. O-O Rfb8 18. Nd2 Na7 19. Rc1 Nb5 20. Qa1 a4 21. Bd1 Nd6 22. Re1 Rb3 0-1


[Site "https://www.chess.com"]